 Dungeon Crawl Stone Soup version 0.28-a0-695-gff097466f2 (webtiles) character file.

Game seed: 11057784437982565291

12805 Gwenloh the Merchant of Misery (level 11, -3/86 HPs)
             Began as a Demonspawn Necromancer on Oct 23, 2021.
             Was a Believer of Kikubaaqudgha.
             Slain by a fire bat (8 damage)
             ... on level 1 of the Lair of Beasts.
             The game lasted 00:52:53 (13364 turns).

Gwenloh the Merchant of Misery (DsNe)              Turns: 13364, Time: 00:52:54

Health: -3/86      AC:  5    Str:  9    XL:     11   Next: 67%
Magic:  6/24       EV: 11    Int: 20    God:    Kikubaaqudgha [**....]
Gold:   472        SH:  0    Dex: 13    Spells: 11/28 levels left

rFire   . . .      SeeInvis .   a - +0 lajatang
rCold   . . .      Faith    .   (shield currently unavailable)
rNeg    . . .      Spirit   .   L - +0 troll leather armour
rPois   .          Reflect  .   (helmet restricted)
rElec   .          Harm     .   (cloak unavailable)
rCorr   .          Rampage  .   B - +0 pair of gloves
Will    .....                   (no boots)
Stlth   ++........              I - amulet of regeneration
HPRegen 2.24/turn               (no ring)
MPRegen 0.19/turn               (no ring)

@: no status effects
A: claws 2, horns 2, foul stench 2, weakness stinger 3
a: Renounce Religion, Receive Corpses


You were on level 1 of the Lair of Beasts.
You worshipped Kikubaaqudgha.
Kikubaaqudgha was pleased with you.
You visited 3 branches of the dungeon, and saw 12 of its levels.

You collected 472 gold pieces.

Inventory:

Hand Weapons
 a - a +0 lajatang (weapon)
 b - a +0 shortbow of freezing
 g - a +0 dagger of freezing
Missiles
 c - 59 poisoned darts (quivered)
 d - 215 stones
 C - 23 sling bullets
 H - a throwing net
 J - 95 arrows
Armour
 B - a +0 pair of gloves (worn)
 G - a +2 robe of willpower
 L - a +0 troll leather armour (worn)
Magical Staves
 l - a staff of earth
Jewellery
 F - a ring of protection from cold
 I - an amulet of regeneration (around neck)
 M - a ring of protection from cold
 O - a ring of flight
Wands
 x - a wand of polymorph (26)
 A - a wand of charming (11)
 E - a wand of flame (15)
 P - a wand of iceblast (9)
Scrolls
 f - 2 scrolls of fear
 h - 4 scrolls of amnesia
 k - 2 scrolls of teleportation
 n - a scroll of magic mapping {unknown}
 p - a scroll of brand weapon {unknown}
 q - a scroll of blinking {unknown}
 s - a scroll of holy word {unknown}
 y - a scroll of immolation {unknown}
 N - 3 scrolls of identify
Potions
 e - a potion of resistance {unknown}
 i - a potion of cancellation {unknown}
 j - a potion of lignification {unknown}
 m - a potion of might {unknown}
 o - 7 potions of heal wounds {unknown}
 r - 4 potions of ambrosia {unknown}
 t - 5 potions of curing {unknown}
 v - a potion of flight {unknown}
 w - a potion of mutation {unknown}
 z - a potion of haste {unknown}
 D - a potion of degeneration {unknown}
Miscellaneous
 K - a box of beasts


   Skills:
 + Level 8.2 Fighting
 + Level 1.8 Armour
 - Level 1.7 Dodging
 - Level 1.7 Stealth
 + Level 9.2 Spellcasting
 * Level 15.4 Necromancy


You had 11 spell levels left.
You knew the following spells:

 Your Spells              Type           Power      Damage    Failure   Level
a - Pain                  Necr           100%       1d9       1%          1
b - Vampiric Draining     Necr           31%        2d10      1%          3
c - Animate Dead          Necr           31%        N/A       1%          4
d - Agony                 Necr           63%        N/A       1%          5
e - Corpse Rot            Necr/Air       80%        N/A       1%          2
f - Sublimation of Blood  Necr           31%        N/A       1%          2

Your spell library contained the following spells:

 Spells                   Type           Power      Damage    Failure   Level
 Animate Skeleton         Necr           100%       N/A       1%          1


Dungeon Overview and Level Annotations

Branches:
Dungeon (10/15)            Temple (1/1) D:4            Lair (1/6) D:8
    Orc (0/2) D:10

Altars:
Ashenzari
Cheibriados
Dithmenos
Elyvilon
Fedhas
Gozag
Hepliaklqana
Kikubaaqudgha
Makhleb
Nemelex Xobeh
Okawaru
Qazlal
Ru
Sif Muna
Trog
Uskayaw
Vehumet
Wu Jian
Xom
Yredelemnul
Zin
The Shining One

Annotations:
D:3 1 runed translucent door, kipponium's ghost, amateur DsBe


Innate Abilities, Weirdness & Mutations

You have very sharp fingernails.
You have a pair of horns on your head.
You sometimes emit foul miasma when damaged in melee.
You have a sharp stinger which inflicts weakening toxins.


Message History

The fire bat bites you.
You are engulfed in flames!
Casting: Vampiric Draining (safe; 1% risk of failure)
Confirm with . or Enter, or press ? or * to list all spells.
Aiming: Pain (safe; 1% risk of failure)
Press: ? - help, Shift-Dir - straight line, f/p - fire bat
Aim: a fire bat (almost dead, chance to affect: 89%)
The fire bat writhes in agony!
You kill the fire bat!
Kikubaaqudgha accepts your kill.
The fire bat bites you but does no damage.
Casting: Pain (safe; 1% risk of failure)
Confirm with . or Enter, or press ? or * to list all spells.
Aiming: Agony (dangerous; 1% risk of failure)
Press: ? - help, Shift-Dir - straight line, f - komodo dragon
Aim: a komodo dragon (moderately wounded, chance to affect: 96%)
The komodo dragon convulses!
The komodo dragon bites you!!
* * * LOW HITPOINT WARNING * * *
Unknown command.
Casting: Agony (dangerous; 1% risk of failure)
Confirm with . or Enter, or press ? or * to list all spells.
Aiming: Vampiric Draining (safe; 1% risk of failure)
Press: ? - help, Shift-Dir - straight line, f/p - komodo dragon
Aim: a komodo dragon (severely wounded)
You draw life force from the komodo dragon!
You feel life coursing into your body. The komodo dragon bites you!!
* * * LOW HITPOINT WARNING * * *
Unknown command.
Casting: Vampiric Draining (safe; 1% risk of failure)
Confirm with . or Enter, or press ? or * to list all spells.
Aiming: Vampiric Draining (safe; 1% risk of failure)
Press: ? - help, Shift-Dir - straight line, f/p - komodo dragon
Aim: a komodo dragon (almost dead)
You draw life force from the komodo dragon!
You kill the komodo dragon!
Kikubaaqudgha accepts your kill.
You feel life coursing into your body. The fire bat bites you.
* * * LOW HITPOINT WARNING * * *
You are engulfed in flames!
You die...
Kikubaaqudgha rasps: "You have failed me!
Welcome... death!"

.......###.....# # .##....#
####..# # ###....# #..# .......#
#..#### # ....#### ## #.....# ##
..### ...###.^### ##. .##
.....##...# ##.. ## ......##..#
##... .....bb@.## #P... #
......#### ##... ### .....##..#
###... ..###
..####..###########P#...
###.####
####....................
##.^..####.................##...
#P..........................#...
###.....##P....P#####.####......
#.#...#P.............#P#.##...


You could see 2 fire bats.

Vanquished Creatures
  4 hydras (Lair:1)
  A catoblepas (Lair:1)
  A two-headed ogre (D:10)
  3 cane toads
  5 komodo dragons (Lair:1)
  2 trolls (D:10)
  A fire bat (Lair:1)
  3 basilisks (Lair:1)
  2 wargs (D:10)
  4 water moccasins (Lair:1)
  3 ice beasts
  6 orc warriors
  A sky beast (D:5)
  2 black bears
  3 ogres
  A necrophage (D:7)
  7 centaurs
  A phantom (D:5)
  6 bullfrogs
  A scorpion (D:4)
  3 wights
  4 howler monkeys
  4 centaur zombies
  2 hounds
  3 jellies
  5 orc priests
  2 centaur skeletons (D:7)
  A gnoll shaman (D:8)
  A bullfrog skeleton (D:7)
  5 iguanas
  6 orc wizards
  A killer bee zombie (D:6)
  8 gnolls
  4 adders
  2 shadow imps
  2 white imps
  An ufetubus (D:5)
  3 dart slugs (D:1)
  22 orcs
  5 endoplasms
  7 goblins
  3 hobgoblins
  7 jackals (D:1)
  4 kobolds
  A quokka (D:1)
  5 ball pythons
  3 bats
  4 frilled lizards
  A rat (D:2)
176 creatures vanquished.

Vanquished Creatures (collateral kills)
  A hydra (Lair:1)
  A komodo dragon (Lair:1)
  A wyvern (D:9)
  A gnoll sergeant (D:9)
  4 wights
  A gnoll (D:9)
9 creatures vanquished.

Vanquished Creatures (others)
  4 bushes (Lair:1)
  7 fungi (Lair:1)
  40 plants (Lair:1)
51 creatures vanquished.

Grand Total: 236 creatures vanquished

Notes
Turn   | Place    | Note
-------+----------+-------------------------------------------
     0 | D:1      | Gwenloh the Demonspawn Necromancer began the quest for the
                  | Orb.
     0 | D:1      | Reached XP level 1. HP: 13/13 MP: 3/3
   210 | D:1      | Discovered your monstrous ancestry.
   210 | D:1      | Gained mutation: You have sharp fingernails. [demonic
                  | ancestry]
   210 | D:1      | Reached XP level 2. HP: 19/19 MP: 5/5
   673 | D:1      | Reached skill level 5 in Necromancy
  1159 | D:2      | Gained mutation: You have a small tail. [demonic ancestry]
  1159 | D:2      | Reached XP level 3. HP: 24/24 MP: 3/6
  1277 | D:2      | Learned a level 3 spell: Vampiric Draining
  1443 | D:2      | Found a faded altar of an unknown god.
  2296 | D:3      | Found a runed translucent door.
  2296 | D:3      | Noticed kipponium's ghost (amateur DsBe)
  2405 | D:4      | Found a staircase to the Ecumenical Temple.
  2412 | Temple   | Entered the Ecumenical Temple
  2527 | Temple   | Became a worshipper of Kikubaaqudgha
  2833 | D:4      | Noticed a scorpion
  2841 | D:4      | Killed a scorpion
  2842 | D:4      | Reached skill level 6 in Necromancy
  2842 | D:4      | Gained mutation: You have a tail ending in a sharp stinger.
                  | [demonic ancestry]
  2842 | D:4      | Reached XP level 4. HP: 17/30 MP: 0/8
  2920 | D:4      | Gained mutation: You have a sharp stinger which inflicts
                  | weakening toxins. [demonic ancestry]
  2920 | D:4      | Reached XP level 5. HP: 29/35 MP: 3/9
  3401 | D:5      | Entered Level 5 of the Dungeon
  3401 | D:5      | Noticed an ogre
  3407 | D:5      | Killed an ogre
  3408 | D:5      | Reached skill level 7 in Necromancy
  3408 | D:5      | Gained mutation: You may rarely emit foul miasma when
                  | damaged in melee. [demonic ancestry]
  3408 | D:5      | Reached XP level 6. HP: 41/41 MP: 2/11
  3413 | D:5      | Learned a level 4 spell: Animate Dead
  3896 | D:5      | Noticed an ice beast
  3911 | D:5      | Killed an ice beast
  3912 | D:5      | Reached skill level 8 in Necromancy
  3912 | D:5      | Reached XP level 7. HP: 24/46 MP: 0/13
  4213 | D:5      | Learned a level 5 spell: Agony
  4725 | D:6      | Reached skill level 9 in Necromancy
  4933 | D:6      | Reached skill level 5 in Spellcasting
  5235 | D:6      | Gained mutation: You have a pair of small horns on your
                  | head. [demonic ancestry]
  5235 | D:6      | Reached XP level 8. HP: 53/53 MP: 7/15
  5524 | D:5      | Reached skill level 1 in Fighting
  5826 | D:6      | Reached * piety under Kikubaaqudgha
  5826 | D:6      | Received a gift from Kikubaaqudgha
  5885 | D:6      | Learned a level 2 spell: Corpse Rot
  5950 | D:7      | Reached skill level 10 in Necromancy
  6649 | D:7      | Gained mutation: You have a pair of horns on your head.
                  | [demonic ancestry]
  6649 | D:7      | Reached XP level 9. HP: 64/64 MP: 11/18
  6729 | D:7      | Reached skill level 11 in Necromancy
  7196 | D:8      | Found a radiant altar of Vehumet.
  7806 | D:8      | Found a staircase to the Lair.
  8066 | Lair:1   | Entered Level 1 of the Lair of Beasts
  8071 | Lair:1   | Noticed a komodo dragon
  8080 | Lair:1   | Killed a komodo dragon
  8255 | Lair:1   | Noticed a komodo dragon
  8256 | Lair:1   | Noticed a komodo dragon
  8280 | Lair:1   | Killed a komodo dragon
  8399 | Lair:1   | Killed a komodo dragon
  8400 | Lair:1   | Reached skill level 12 in Necromancy
  8625 | Lair:1   | Reached skill level 5 in Fighting
  8729 | Lair:1   | Noticed a six-headed hydra
  8735 | Lair:1   | Killed a six-headed hydra
  8736 | Lair:1   | Gained mutation: You sometimes emit foul miasma when
                  | damaged in melee. [demonic ancestry]
  8736 | Lair:1   | Reached XP level 10. HP: 74/74 MP: 13/21
  8791 | Lair:1   | Noticed a catoblepas
  8848 | Lair:1   | Killed a catoblepas
  8872 | Lair:1   | Reached skill level 13 in Necromancy
  9228 | Lair:1   | Noticed a cane toad
  9237 | Lair:1   | Killed a cane toad
  9475 | Lair:1   | Noticed a cane toad
  9543 | Lair:1   | Noticed a seven-headed hydra
  9614 | Lair:1   | HP: 1/77 [seven-headed hydra (7)]
  9615 | Lair:1   | Killed a seven-headed hydra
  9786 | Lair:1   | Noticed a seven-headed hydra
  9813 | Lair:1   | HP: 3/77 [poisoned by a water moccasin]
  9835 | Lair:1   | Killed a seven-headed hydra
  9836 | Lair:1   | Reached skill level 14 in Necromancy
  9966 | Lair:1   | Noticed a cane toad
  9967 | Lair:1   | Noticed a six-headed hydra
 10012 | D:8      | Killed a cane toad
 10221 | D:9      | Gained mutation: You have very sharp fingernails. [demonic
                  | ancestry]
 10221 | D:9      | Reached XP level 11. HP: 81/84 MP: 19/23
 11264 | D:10     | Entered Level 10 of the Dungeon
 11740 | D:10     | Noticed a two-headed ogre
 11747 | D:10     | Killed a two-headed ogre
 11789 | D:10     | Reached ** piety under Kikubaaqudgha
 11859 | D:10     | Learned a level 2 spell: Sublimation of Blood
 12001 | D:10     | Reached skill level 15 in Necromancy
 12413 | D:10     | Found a staircase to the Orcish Mines.
 12760 | Lair:1   | Killed a six-headed hydra
 12761 | Lair:1   | Reached skill level 1 in Armour
 13181 | Lair:1   | Noticed an eight-headed hydra
 13188 | Lair:1   | Killed an eight-headed hydra
 13363 | Lair:1   | HP: 4/86 [komodo dragon (25)]
 13364 | Lair:1   | Slain by a fire bat

Illustrated notes

Levels and vault maps discovered:
D:1:      psy_arrival_statuary, layout_basic, serial_curves, eino_curves_01,
          eino_curves_01
D:2:      layout_basic, hellmonk_ecumenical_altar_leap_of_faith
D:3:      layout_rooms, gammafunk_ghost_grave
D:4:      layout_rooms, temple_statues
D:5:      layout_basic, minmay_misc_feat_secret_circle
D:6:      layout_basic
D:7:      layout_loops_ring
D:8:      layout_loops_ring, vehumet_crystals, lair_entry_dummy,
          minmay_misc_feat_doors
D:9:      layout_roguey, serial_rivers, chequers_serial_rivers_micro_d,
          chequers_serial_rivers_small_3, chequers_serial_rivers_marsh,
          chequers_serial_rivers_micro_e
D:10:     cheibrodos_iron_armory, layout_loops_ring, david_orc_1_choice
Temple:   kilobyte_greek_temple
Lair:1:   layout_gridlike, nicolae_volcano_entry_batcave, serial_forest,
          infiniplex_forest_lined_room_2, infiniplex_forest_corner_2,
          infiniplex_forest_end_2, infiniplex_forest_clump_small,
          infiniplex_forest_lined_room_, infiniplex_forest_side_room,
          grunt_megastairs_4, infiniplex_staircase_pool, serial_bayou_shore_b,
          lemuel_fruit_fields

Skill      XL: |  1  2  3  4  5  6  7  8  9 10 11 |
---------------+----------------------------------+-----
Necromancy     | 5 6 7 8 9 10 12 14 15 | 15.4
Spellcasting   | 3 4 5 6 7 8 9 |  9.2
Fighting       | 3 5 7 8 |  8.2
Armour         | 1 |  1.8
Dodging        | |  1.7
Stealth        | |  1.7

Action                   |  1- 3 |  4- 6 |  7- 9 | 10-12 || total
-------------------------+-------+-------+-------+-------++-------
Melee: Unarmed           |     2 |       |       |       ||     2
       Dagger            |     4 |    75 |    41 |       ||   120
       Tailslap          |       |    13 |    11 |    10 ||    34
       Lajatang          |       |       |    93 |    75 ||   168
       Headbutt          |       |       |    14 |    13 ||    27
 Fire: Shortbow          |       |       |       |     7 ||     7
Throw: Dart              |    70 |    17 |    47 |    42 ||   176
       Stone             |       |       |     3 |       ||     3
 Cast: Pain              |    68 |    22 |    79 |   107 ||   276
       Vampiric Draining |     4 |     8 |    42 |    67 ||   121
       Animate Dead      |       |     1 |     6 |     7 ||    14
       Agony             |       |       |     6 |    19 ||    25
       Corpse Rot        |       |       |     2 |     2 ||     4
       Sublimation of Bl |       |       |       |     2 ||     2
Invok: Receive Corpses   |       |       |     3 |     3 ||     6
  Use: Scroll            |       |       |       |     6 ||     6
 Stab: Sleeping          |       |       |     1 |       ||     1
Armor: Robe              |     5 |    14 |    34 |    35 ||    88
       Troll leather arm |       |       |       |    34 ||    34
Dodge: Dodged            |    13 |    48 |   148 |   127 ||   336

Table legend: (Time is in decaauts)
 A = Elapsed time spent in this place.
 B = Non-inter-level travel time spent in this place.
 C = Inter-level travel time spent in this place.
 D = Time resting spent in this place.
 E = Time spent auto-exploring this place.
 F = Levels seen in this place.
 G = Mean time per level.
                   A        B        C        D        E       F      G
               +--------+--------+--------+--------+--------+-----+--------+
         Total |  13446 |  12700 |    746 |   1191 |   8779 |  12 | 1120.5 |
       Dungeon |  10808 |  10104 |    704 |    949 |   6921 |  10 | 1080.8 |
        Temple |    157 |    116 |     41 |      0 |     98 |   1 |  157.0 |
          Lair |   2480 |   2479 |      1 |    242 |   1760 |   1 | 2480.0 |
               +--------+--------+--------+--------+--------+-----+--------+

Top non-repeatable levels by time:
  Lair:1: 2480 daAuts
    D:10: 1409 daAuts
     D:5: 1405 daAuts
     D:8: 1287 daAuts
     D:6: 1260 daAuts
     D:1: 1128 daAuts
     D:7: 1126 daAuts
     D:9: 1076 daAuts
     D:3: 798 daAuts
     D:4: 713 daAuts
     D:2: 603 daAuts
  Temple: 157 daAuts
